 Dungeon Crawl Stone Soup version 0.31-a0-963-ga325b2283a (webtiles) character file.

Game seed: 8243022685480865742

128334 Arex the Mimic (level 17, 0/137 HPs)
             Began as a Human Shapeshifter on Oct 22, 2023.
             Was an Elder of Okawaru.
             Succumbed to a sea snake's poison
             ... on level 1 of the Shoals on Oct 25, 2023.
             The game lasted 01:44:11 (43561 turns).

Arex the Mimic (Human Shapeshifter)                Turns: 43561, Time: 01:44:11

Health: 0/137      AC: 33    Str: 20    XL:     17   Next: 58%
Magic:  25/27      EV: 12    Int: 12    God:    Okawaru [****..]
Gold:   877        SH:  0    Dex: 20    Spells: 16/16 levels left

rFire   . .          .
                       - Unarmed
rCold   + . .        (no shield)
rNeg    . . .        D - +3 plate armour {rC+}
rPois   .            U - +2 helmet
rElec   .            j - +0 cloak
rCorr   .            G - +2 pair of gloves
SInv    .            f - +0 pair of boots
Will    ++...        e - amulet of faith Stlth
                     J - ring of Afiukus {Dex+6 Slay+3}
HPRegen 0.42/turn    S - ring of willpower
MPRegen 0.20/turn

%: faith
@: lethally poisoned (0 -> -33), heroic, studying Axes
A: no striking features
a: Renounce Religion, Heroism, Finesse


You were on level 1 of the Shoals.
You worshipped Okawaru.
Okawaru was greatly pleased with you.
You visited 5 branches of the dungeon, and saw 24 of its levels.
You visited the Abyss 1 time.

You collected 2424 gold pieces.
You spent 1547 gold pieces at shops.

Inventory:

Missiles
 g - 5 atropa-tipped darts (quivered)
 w - 10 throwing nets
Armour
 f - a +0 pair of boots (worn)
 j - a +0 cloak (worn)
 D - a +3 plate armour of cold resistance (worn)
 G - a +2 pair of gloves (worn)
 U - a +2 helmet (worn)
Jewellery
 e - an amulet of faith (around neck)
 r - an amulet of guardian spirit
 v - a ring of see invisible
 J - the ring of Afiukus (left hand) {Dex+6 Slay+3}
   (You found it on level 3 of the Lair of Beasts)

   [ring of dexterity]

   Dex+6:     It affects your dexterity (+6).
   Slay+3:    It affects your accuracy & damage with ranged weapons and melee
   (+3).
 L - a ring of ice
 N - the ring of Joomiqur {rF+ rCorr Dex+2 Stlth+}
   (You found it on level 5 of the Lair of Beasts)

   [ring of protection from fire]

   Dex+2:     It affects your dexterity (+2).
   rF+:       It protects you from fire.
   rCorr:     It protects you from acid and corrosion.
   Stlth+:    It makes you more stealthy.
 S - a ring of willpower (right hand)
Talismans
 d - a flux talisman
 x - the serpent talisman of the Lair of Beasts {+Blink rElec Dex-4 Stlth-}
   (You took it off Aizul on level 1 of the Shoals)

   [serpent talisman]

   Dex-4:     It affects your dexterity (-4).
   rElec:     It insulates you from electricity.
   +Blink:    It lets you blink.
   Stlth-:    It makes you less stealthy.
Wands
 s - a wand of flame (13)
 z - a wand of roots (5)
 A - a wand of mindburst (10)
 Q - a wand of paralysis (9)
 R - a wand of quicksilver (5)
Scrolls
 a - a scroll of enchant weapon
 n - 4 scrolls of noise
 p - 2 scrolls of identify
 u - 3 scrolls of fear
 y - a scroll of butterflies
 B - a scroll of acquirement
 E - 2 scrolls of teleportation
 F - 2 scrolls of vulnerability
 H - a scroll of brand weapon
 K - a scroll of blinking
 P - 2 scrolls of amnesia
 V - 3 scrolls of revelation
Potions
 b - a potion of lignification
 c - 3 potions of enlightenment
 h - a potion of might
 l - 3 potions of mutation
 m - a potion of magic
 o - 2 potions of cancellation
 q - 4 potions of attraction
 t - 8 potions of degeneration
 C - 3 potions of brilliance
 M - 3 potions of berserk rage
 O - a potion of resistance
 T - 3 potions of curing


   Skills:
 + Level 13.3(18.3) Fighting
 - Level 14.0(19.0) Armour
 + Level 3.6(8.6) Dodging
 + Level 13.5(18.5) Unarmed Combat
 - Level 14.0 Invocations
 * Level 2.2 Evocations
 - Level 14.0 Shapeshifting


You had 16 spell levels left.
You didn't know any spells.
Your spell library contained the following spells:

 Spells                   Type           Power      Damage    Failure   Level
 Slow                     Hex            0%         N/A       95%         1
 Ensorcelled Hibernation  Hex/Ice        0%         N/A       99%         2
 Jinxbite                 Hex            0%         N/A       99%         2
 Static Discharge         Conj/Air       0%         3-3/arc   99%         2
 Confusing Touch          Hex            0%         N/A       100%        3
 Ozocubu's Armour         Ice            0%         N/A       100%        3
 Sigil of Binding         Hex            0%         N/A       100%        3
 Stone Arrow              Conj/Erth      0%         3d7       100%        3
 Vampiric Draining        Necr           0%         2d6       100%        3
 Airstrike                Air            0%         2d(0-16)  100%        4
 Anguish                  Hex/Necr       0%         N/A       100%        4
 Cause Fear               Hex            0%         N/A       100%        4
 Dimensional Bullseye     Hex/Tloc       0%         N/A       100%        4
 Leda's Liquefaction      Hex/Erth       0%         N/A       100%        4
 Enfeeble                 Hex            0%         N/A       100%        7
 Orb of Destruction       Conj           0%         9d5       100%        7
 Ozocubu's Refrigeration  Ice            0%         4d7       100%        7
 Lehudib's Crystal Spear  Conj/Erth      0%         10d2      100%        8
 Call Canine Familiar     Summ           Unusable   N/A       N/A         3
 Summon Guardian Golem    Hex/Summ       Unusable   N/A       N/A         3
 Animate Armour           Summ/Erth      Unusable   N/A       N/A         4
 Summon Lightning Spire   Summ/Air       Unusable   N/A       N/A         4
 Spellforged Servitor     Conj/Summ      Unusable   N/A       N/A         7

Dungeon Overview and Level Annotations

Branches:
Dungeon (14/15)            Temple (1/1) D:4            Lair (5/5) D:9
 Shoals (2/4) Lair:2        Snake (0/4) Lair:2        Slime (0/5) Lair:5
    Orc (2/2) D:12            Elf (0/3) Orc:2
 Vaults: D:13-14

Altars:
Ashenzari
Cheibriados
Dithmenos
Elyvilon
Fedhas
Gozag
Hepliaklqana
Kikubaaqudgha
Makhleb
Nemelex Xobeh
Okawaru
Qazlal
Ru
Sif Muna
Trog
Uskayaw
Vehumet
Wu Jian
Xom
Yredelemnul
Zin
The Shining One
Jiyva

Shops:
D:5 !   Orc:1 [   Orc:2 *[:?

Portals:
Trove: D:13 (give 17 scrolls of teleportation)

Annotations:
D:3 1 runed translucent door, Crazy Yiuf
D:12 2 transporters, Bahuunn's ghost, journeyman MiFi
D:13 2 runed translucent doors, exclusion: downstairs, Sundig's ghost, journeyman DgFi
D:14 3 runed translucent doors, Doj's ghost, journeyman MiFi; Rupert
Lair:5 3 runed translucent doors, LadyBoffin's ghost, journeyman FoFi
Shoals:2 3 runed translucent doors, Duttonia's ghost, journeyman MeWn


Message History

The sea snake bites you.
* * * LOW HITPOINT WARNING * * *
Okay, then.
Blink to where?
Press: ? - help, Dir - move target Splash!
You fall into the shallow water.
Moving in this stuff is going to be slow.
As you read the scroll of blinking, it crumbles to dust.
The snapping turtle bites you from afar!
* * * LOW HITPOINT WARNING * * *
A sea snake comes into view.
The snapping turtle bites you but does no damage.
The sea snake misses you.
There is a stone staircase leading up here.
The sea snake hisses angrily.
The sea snake bites you but does no damage.
The snapping turtle bites you but does no damage.
You climb upwards.
There is a stone staircase leading down, spattered with blood here.
You gain the combat prowess of a mighty hero.
The sea snake bites you but does no damage.
You pummel the sea snake!!
The sea snake is moderately wounded.
The sea snake bites you.
* * * LOW HITPOINT WARNING * * *
You are lethally poisoned!
The sea snake poisons you!
You pummel the sea snake!! You punch the sea snake.
The sea snake is severely wounded.
* * * LOW HITPOINT WARNING * * *
You feel extremely sick.
You barely miss the sea snake. You punch the sea snake.
The sea snake is severely wounded.
* * * LOW HITPOINT WARNING * * *
You feel very sick. The sea snake closely misses you.
You closely miss the sea snake. You punch the sea snake.
The sea snake is almost dead.
You die...

.....)###...~~~~≈≈≈≈~~~~~~~~~≈≈≈≈
......#..~...~~~≈≈≈≈≈~~~~~~~≈≈≈~~
........#####...~~≈≈≈~~~~~≈≈≈≈≈~~
)....(..#...#.~..~~~~~~~~~≈≈≈≈≈~~
..).~..##...##....~~~~~~~~~~≈≈≈~~
########.....####....~~~~~~~~≈≈~~
)~..~...~~~....~##....~~~~~~~~~≈≈
..≈~.....≈≈~[≈.)>#..#.>~~~~~~~~≈~
..≈.~.~..~≈.≈.(.@#.....~..~~~~~≈≈
..~~.....~.~~.~S##....~~..~~~~~≈≈
########..≈..####...~~~~.~~~~~~≈≈
~..~..~##~.~##.....~~~~~~~~~~~~≈≈
.P~.....#...#)....~~~~~~~~~~~~~≈≈
P.P~~..~#####..~~~~~~~~~~~~~~~~≈≈
~.~~~≈~.~......~~~~~≈≈~~~~~~~≈≈≈≈
..~~~≈≈~~~~~~..~~~≈≈≈≈≈≈≈≈≈≈≈≈≈≈≈
.###.~~~~~~~~~~~~~~~~≈≈≈≈≈≈≈≈≈≈≈≈


You could see a sea snake.

Vanquished Creatures
  Mlioglotl (Shoals:1)
  Jorgrun (Orc:2)
  Gastronok (Lair:3)
  Frances (Shoals:1)
  Aizul (Shoals:1)
  Donald (Shoals:1)
  A balrug (Abyss:2)
  A deep elf demonologist (Abyss:2)
  The ghost of soul19 the Grappler, a journeyman TrMo (Lair:4)
  Azrael (Orc:2)
  A starcursed mass (Abyss:2)
  The ghost of Sundig the Blocker, a journeyman DgFi (Lair:2)
  Josephine (D:11)
  A fire dragon (Lair:5)
  Fannar (Orc:2)
  5 centaur warriors
  7 hydras
  A spriggan skeleton (Abyss:2)
  2 ogre magi (Orc:2)
  2 merfolk aquamancers (Shoals:1)
  2 boulder beetles
  A merfolk avatar (Shoals:1)
  11 two-headed ogres
  4 death yaks
  A dancing weapon (Lair:2)
  3 tengu warriors
  Urug (Lair:1)
  An orc high priest (Orc:2)
  A storm dragon zombie (Abyss:2)
  Sonja (Lair:2)
  3 skysharks
  8 sea snakes
  2 wretched stars (Abyss:2)
  Amaemon (Lair:3)
  A swamp dragon (Lair:5)
  2 deep trolls
  2 lindwurms (Lair:5)
  An orc sorcerer (Orc:2)
  3 ugly things
  4 cyclopes
  6 manticores
  A will-o-the-wisp (Lair:5)
  5 merfolk sirens
  A water nymph (Shoals:1)
  A black mamba (shapeshifter) (D:9)
  5 gargoyles
  A centaur zombie (Abyss:2)
  21 elephants
  2 smoke demons (Abyss:2)
  10 black mambas
  2 orange demons
  13 cane toads
  4 unseen horrors
  Maggie (D:6)
  2 kobold demonologists
  A freezing wraith (Abyss:2)
  A tengu conjurer (D:14)
  9 rime drakes
  10 komodo dragons
  15 trolls
  An ancient zyme (Abyss:2)
  5 polar bears
  14 merfolk (Shoals:1)
  3 hornets
  A large abomination (Abyss:2)
  3 wind drakes
  9 dream sheep
  Prince Ribbit (D:8)
  3 blink frogs (Lair:3)
  5 raiju (Abyss:2)
  8 slime creatures
  4 snapping turtles
  Sigmund (D:5)
  4 flying skulls (Abyss:2)
  2 water elementals
  A vampire (D:12)
  A shadow (D:11)
  A ynoxinul (Abyss:2)
  71 yaks
  4 fire elementals (Orc:2)
  7 wraiths
  10 wyverns
  4 hogs
  5 steam dragons
  7 basilisks
  12 vampire mosquitoes
  Eustachio (D:5)
  2 neqoxecs (Abyss:2)
  A chaos spawn (Abyss:2)
  2 nagas (Lair:2)
  Edmund (D:5)
  A warg (Orc:2)
  3 hell hounds (Orc:2)
  13 water moccasins
  6 acid dragons
  4 ice beasts
  4 swamp drakes (Lair:5)
  10 orc warriors
  5 black bears
  21 ogres
  20 wolves
  20 centaurs
  6 small abominations (Abyss:2)
  7 kobold brigands
  15 bullfrogs
  5 scorpions
  A gnoll sergeant (D:9)
  8 wights
  20 killer bees
  A howler monkey (D:7)
  3 electric eels (D:9)
  A jelly (D:8)
  3 gnoll boudas
  13 orc priests
  12 hounds
  A sleepcap (D:5)
  Natasha (thrice) (D:2)
  12 orc wizards
  9 iguanas
  5 adders
  28 gnolls
  A shadow imp (Abyss:2)
  3 white imps
  2 ufetubi (D:6)
  2 worms
  2 dart slugs
  47 orcs
  8 endoplasms
  5 giant cockroaches
  A goblin (D:1)
  10 hobgoblins
  3 jackals (D:2)
  3 quokkas
  6 ball pythons
  10 bats
  2 frilled lizards (D:3)
  43 kobolds
  11 rats
809 creatures vanquished.

Vanquished Creatures (others)
  2 yaks (Lair:3)
  A foxfire (Lair:5)
  A lurking horror (Abyss:2)
4 creatures vanquished.

Grand Total: 813 creatures vanquished

Notes
Turn   | Place    | Note
-------+----------+-------------------------------------------
     0 | D:1      | Arex the Human Shapeshifter began the quest for the Orb.
     0 | D:1      | Reached XP level 1. HP: 15/15 MP: 1/1
   136 | D:1      | Reached XP level 2. HP: 20/21 MP: 2/2
   282 | D:1      | Reached XP level 3. HP: 26/26 MP: 3/3
   831 | D:2      | You fall into a shaft and drop 1 floor!
   929 | D:2      | Reached XP level 4. HP: 31/33 MP: 4/4
  1130 | D:2      | Noticed Natasha
  1154 | D:2      | Killed Natasha
  1155 | D:2      | Reached XP level 5. HP: 32/38 MP: 5/5
  1204 | D:2      | Noticed Natasha
  1220 | D:2      | Killed Natasha
  1266 | D:2      | Noticed Natasha
  1280 | D:2      | Killed Natasha
  1651 | D:3      | Reached XP level 6. HP: 46/46 MP: 6/6
  1958 | D:3      | Found a runed translucent door.
  1959 | D:3      | Noticed Crazy Yiuf
  2512 | D:4      | Noticed an ogre
  2518 | D:4      | Killed an ogre
  2534 | D:4      | Reached skill level 5 in Shapeshifting
  2551 | D:4      | Reached XP level 7. HP: 35/51 MP: 5/7
  2656 | D:4      | Found a staircase to the Ecumenical Temple.
  2671 | Temple   | Entered the Ecumenical Temple
  2680 | Temple   | Became a worshipper of Warmaster Okawaru
  3063 | D:5      | Entered Level 5 of the Dungeon
  3063 | D:5      | Noticed Edmund
  3295 | D:4      | Reached * piety under Okawaru
  3296 | D:4      | Reached XP level 8. HP: 41/57 MP: 6/8
  3517 | D:5      | Reached skill level 1 in Invocations
  3597 | D:5      | Noticed Eustachio
  3836 | D:5      | Killed Eustachio
  4183 | D:5      | Noticed Sigmund
  4238 | D:6      | Noticed a wyvern
  4248 | D:6      | Killed a wyvern
  4371 | D:6      | Reached ** piety under Okawaru
  4372 | D:6      | Reached XP level 9. HP: 43/65 MP: 7/12
  4533 | D:6      | Reached skill level 1 in Armour
  4538 | D:6      | Reached skill level 5 in Unarmed Combat
  5056 | D:6      | Reached skill level 5 in Invocations
  5100 | D:6      | Noticed Maggie
  5122 | D:6      | Killed Maggie
  5122 | D:6      | Reached *** piety under Okawaru
  5475 | D:5      | Killed Sigmund
  5476 | D:5      | Reached XP level 10. HP: 34/73 MP: 1/14
  5610 | D:5      | Found Ifel's Distillery.
  5645 | D:5      | Bought a potion of might for 56 gold pieces
  5645 | D:5      | Bought a potion of mutation for 112 gold pieces
  5722 | D:5      | Killed Edmund
  5723 | D:5      | Reached skill level 5 in Fighting
  6317 | D:6      | Reached skill level 5 in Armour
  7060 | D:7      | Reached **** piety under Okawaru
  7387 | D:8      | Found a shimmering altar of Xom.
  7387 | D:8      | Found a shimmering altar of Xom.
  7596 | D:8      | Noticed a gargoyle
  8276 | D:8      | Found a shimmering altar of Xom.
  8309 | D:8      | Killed a gargoyle
  8441 | D:8      | Reached XP level 11. HP: 62/81 MP: 9/15
  8508 | D:8      | Found a shimmering altar of Xom.
  8509 | D:8      | Found a shimmering altar of Xom.
  8510 | D:8      | Found a shimmering altar of Xom.
  8837 | D:8      | Noticed Prince Ribbit
  8851 | D:8      | Killed Prince Ribbit
  9234 | D:9      | Noticed a boulder beetle
  9267 | D:9      | Killed a boulder beetle
  9584 | D:9      | Noticed a brown ugly thing
  9616 | D:9      | Killed a red ugly thing
 10388 | D:9      | Reached ***** piety under Okawaru
 11587 | D:9      | Reached XP level 12. HP: 38/91 MP: 10/17
 11817 | D:9      | Found a staircase to the Lair.
 11872 | D:9      | Identified a scroll of acquirement
 12139 | Lair:1   | Entered Level 1 of the Lair of Beasts
 12149 | Lair:1   | Received a gift from Okawaru
 12617 | Lair:1   | Noticed a death yak
 12637 | Lair:1   | Killed a death yak
 12744 | Lair:1   | Reached skill level 10 in Shapeshifting
 13469 | Lair:1   | Received a gift from Okawaru
 13683 | Lair:1   | Noticed Urug
 13699 | Lair:1   | Killed Urug
 14286 | Lair:2   | Noticed Sonja
 14305 | Lair:2   | HP: 3/94 [poisoned by Sonja (curare-tipped dart)]
 14307 | Lair:1   | HP: 1/94 [poisoned by Sonja (curare-tipped dart)]
 14771 | Lair:2   | Noticed a four-headed hydra
 14795 | Lair:1   | Killed a four-headed hydra
 14998 | Lair:2   | Reached XP level 13. HP: 92/99 MP: 17/19
 15033 | Lair:2   | Found a staircase to the Snake Pit.
 15256 | Lair:2   | Identified the +6 scale mail of the Hot Ocelot {-Cast Str+8
                  | Slay+3}
 15351 | Lair:2   | Found a staircase to the Shoals.
 15361 | Lair:2   | Reached skill level 10 in Armour
 15401 | Lair:2   | Found a runed translucent door.
 15403 | Lair:2   | Found a shimmering altar of Xom.
 15403 | Lair:2   | Noticed Sundig's ghost (journeyman DgFi)
 15403 | Lair:2   | Identified the +1 halberd "Butuce" {chaos, Will+ Int+2}
 16277 | Lair:3   | Noticed Amaemon
 16309 | Lair:3   | Killed Amaemon
 16961 | Lair:3   | Reached skill level 10 in Invocations
 17522 | Lair:3   | You fall into a shaft and drop 2 floors!
 17522 | Lair:5   | Entered Level 5 of the Lair of Beasts
 17612 | Lair:5   | HP: 5/101 [poisoned by a black mamba]
 17616 | Lair:5   | Noticed a five-headed hydra
 17631 | Lair:5   | HP: 1/101 [skyshark (9)]
 17641 | Lair:5   | HP: 5/101 [skyshark (3)]
 17643 | Lair:5   | Reached skill level 10 in Unarmed Combat
 17724 | Lair:5   | Noticed an eight-headed hydra
 18046 | Lair:5   | Killed an eight-headed hydra
 18143 | Lair:5   | Found a staircase to the Slime Pits.
 18144 | Lair:5   | Found a viscous altar of Jiyva.
 18153 | Lair:4   | Found a runed translucent gate.
 18153 | Lair:4   | Found a runed translucent gate.
 18153 | Lair:4   | Found a runed translucent gate.
 18275 | Lair:4   | Noticed soul19's ghost (journeyman TrMo)
 18682 | Lair:3   | Reached XP level 14. HP: 22/109 MP: 10/21
 18689 | Lair:3   | HP: 5/109 [poisoned by a black mamba]
 18693 | Lair:3   | HP: 2/109 [poisoned by a black mamba]
 19168 | Lair:3   | Identified the ring of Afiukus {Dex+6 Slay+3}
 19319 | Lair:3   | Noticed Gastronok
 19334 | Lair:3   | Killed Gastronok
 19685 | Lair:4   | Reached skill level 10 in Fighting
 20766 | Lair:4   | Killed soul19's ghost
 21765 | Lair:5   | Identified the ring of Joomiqur {rF+ rCorr Dex+2 Stlth+}
 22227 | Lair:5   | Reached XP level 15. HP: 57/117 MP: 6/23
 22588 | Lair:5   | Found a runed translucent gate.
 22589 | Lair:5   | Found a runed translucent gate.
 22590 | Lair:5   | Found a runed translucent gate.
 23475 | Lair:5   | Upgraded the game from 0.31-a0-949-g57150269e1 to
                  | 0.31-a0-963-ga325b2283a
 23998 | Lair:5   | Noticed LadyBoffin's ghost (journeyman FoFi)
 26047 | D:5      | Bought 2 potions of berserk rage for 140 gold pieces
 26047 | D:5      | Bought a potion of might for 56 gold pieces
 26047 | D:5      | Bought a potion of curing for 42 gold pieces
 26047 | D:5      | Bought a potion of curing for 42 gold pieces
 26047 | D:5      | Bought a potion of curing for 42 gold pieces
 26047 | D:5      | Bought a potion of curing for 42 gold pieces
 26128 | D:10     | Entered Level 10 of the Dungeon
 26551 | D:10     | Found a burning altar of Makhleb.
 26560 | D:10     | Found a snail-covered altar of Cheibriados.
 27289 | D:11     | Noticed Josephine
 27378 | D:11     | Killed Josephine
 28210 | D:11     | Received a gift from Okawaru
 29128 | D:12     | Found a staircase to the Orcish Mines.
 29159 | D:12     | Found a transporter.
 29162 | D:12     | Noticed Bahuunn's ghost (journeyman MiFi)
 29165 | D:12     | Found a transporter.
 29171 | D:12     | Found a bloodstained altar of Trog.
 29668 | Orc:1    | Entered Level 1 of the Orcish Mines
 29692 | Orc:1    | Found Lemiguda's Armour Boutique.
 29831 | Orc:2    | Entered Level 2 of the Orcish Mines
 30009 | Orc:1    | Noticed an orc warlord
 30964 | Orc:2    | Reached XP level 16. HP: 127/127 MP: 25/25
 31167 | Orc:2    | Noticed Azrael
 31177 | Orc:2    | Killed Azrael
 31974 | Orc:2    | Found Ubbifija's Book Boutique.
 32025 | Orc:2    | Found a staircase to the Elven Halls.
 32049 | Orc:1    | Noticed Fannar
 32064 | Orc:2    | Killed Fannar
 32111 | Orc:2    | Received a gift from Okawaru
 32119 | Orc:2    | Noticed Jorgrun
 32133 | Orc:2    | Killed Jorgrun
 32426 | Orc:2    | Found Epaghaus's Assorted Antiques.
 32436 | Orc:2    | Found Miegaek's Magic Scroll Shoppe.
 32445 | Orc:2    | Found Isiu's Antique Armour Shop.
 32827 | Orc:2    | Bought a scroll of vulnerability for 48 gold pieces
 32827 | Orc:2    | Bought a scroll of butterflies for 48 gold pieces
 32827 | Orc:2    | Bought a scroll of identify for 24 gold pieces
 32876 | Orc:2    | Bought a scroll of blinking for 232 gold pieces
 32882 | Orc:2    | Bought a scroll of blinking for 90 gold pieces
 32882 | Orc:2    | Bought a scroll of identify for 24 gold pieces
 32894 | Orc:2    | Bought a scroll of identify for 24 gold pieces
 32951 | Orc:1    | Bought a +1 plate armour of cold resistance for 525 gold
                  | pieces
 33216 | Shoals:1 | Entered Level 1 of the Shoals
 33912 | D:13     | Noticed Sundig's ghost (journeyman DgFi)
 33913 | D:13     | Noticed a lich
 34111 | D:13     | Found a portal to a secret trove of treasure.
 34361 | D:13     | Identified the +5 trident "Jaxoluno" {flame, +Blink rN+++
                  | Int-5 Dex+2}
 34431 | D:13     | Found a runed translucent door.
 34433 | D:13     | Found a runed translucent door.
 35350 | D:14     | Found a runed translucent gate.
 35351 | D:14     | Found a runed translucent gate.
 35352 | D:14     | Found a runed translucent gate.
 35353 | D:14     | Found an ancient bone altar of Kikubaaqudgha.
 35354 | D:14     | Noticed a lich
 35354 | D:14     | Noticed Doj's ghost (journeyman MiFi)
 35354 | D:14     | Noticed a lich
 35354 | D:14     | Noticed a lich
 35355 | D:14     | Noticed a lich
 35719 | D:14     | Noticed Rupert
 36140 | D:13     | Found a portal to a secret trove of treasure.
 36385 | D:13     | Found a runed translucent door.
 36387 | D:13     | Found a runed translucent door.
 36845 | Shoals:1 | Identified the serpent talisman of the Lair of Beasts
                  | {+Blink rElec Dex-4 Stlth-}
 36845 | Shoals:1 | Noticed Aizul
 36866 | Shoals:1 | HP: 1/129 [poisoned by Aizul (bolt of poison)]
 37657 | Abyss:2  | Cast into level 2 of the Abyss (Sonja)
 37832 | Abyss:2  | Found a corrupted altar of Lugonu.
 37856 | Abyss:2  | Found a corrupted altar of Lugonu.
 38289 | Abyss:2  | HP: 9/193 [stone wall collision (9)]
 38334 | Abyss:2  | HP: 5/129 [starcursed mass/accursed screaming (4)]
 38631 | Abyss:2  | Reached XP level 17. HP: 118/135 MP: 20/24
 38659 | Lair:2   | Escaped the Abyss
 39015 | Lair:2   | Found a staircase to the Snake Pit.
 39028 | Lair:2   | Found a runed translucent door.
 39028 | Lair:2   | Found a shimmering altar of Xom.
 39034 | Lair:2   | Killed Sonja
 39059 | Lair:2   | Found a staircase to the Shoals.
 39716 | Lair:2   | Killed Sundig's ghost
 39901 | Shoals:1 | Killed Aizul
 40169 | Shoals:1 | Noticed Frances
 40482 | Shoals:1 | Killed Frances
 41829 | Shoals:1 | Noticed Mlioglotl
 41859 | Shoals:1 | Killed Mlioglotl
 41998 | Shoals:1 | Noticed Donald
 42018 | Shoals:1 | Killed Donald
 43027 | Shoals:2 | Reached skill level 1 in Evocations
 43411 | Shoals:2 | Found a runed translucent gate.
 43412 | Shoals:2 | Found a runed translucent gate.
 43413 | Shoals:2 | Found a runed translucent gate.
 43449 | Shoals:2 | Noticed Duttonia's ghost (journeyman MeWn)
 43560 | Shoals:1 | HP: 5/137 [poisoned by a sea snake]
 43561 | Shoals:1 | Succumbed to a sea snake's poison

Illustrated notes

Levels and vault maps discovered:
D:1:      dpeg_arrival_long_road, layout_basic, minmay_misc_feat_square,
          minmay_bisected
D:2:      layout_basic, serial_forest, infiniplex_forest_lined_3,
          infiniplex_forest_straight_2, infiniplex_forest_lined_corner,
          infiniplex_forest_straight_1, infiniplex_forest_clump_double,
          infiniplex_forest_straight_4, infiniplex_forest_clump_cross,
          minmay_increasing_density, uniq_natasha
D:3:      layout_loops_ring, nrook_mini_backslash, uniq_crazy_yiuf_cottage
D:4:      layout_basic, minmay_temple_entry_waves
D:5:      layout_rooms, serial_shops, shop, uniq_edmund, uniq_eustachio,
          uniq_sigmund
D:6:      minmay_opposing_rooms, layout_basic, serial_aquarium,
          aquarium_bridge_long_joined [aquarium_subvault_wall,
          aquarium_subvault_window, aquarium_subvault_bridge,
          aquarium_subvault_bridge, aquarium_subvault_bridge,
          aquarium_subvault_wall], aquarium_window_corner,
          aquarium_window_corridor_3, aquarium_view_2d, aquarium_view_2d,
          hex_large, uniq_maggie
D:7:      layout_rooms
D:8:      layout_gridville, xom_redecorated, minmay_manual_mandibuliform,
          uniq_prince_ribbit1
D:9:      minmay_diamond_stairs, layout_irregular_city, erik_lair_island
D:10:     layout_basic, minitemple
D:11:     layout_loops_cross, portal_ice_cave_rime, uniq_josephine
D:12:     layout_irregular_city, orc_0_dummy, gammafunk_ghost_wrathful_warriors
D:13:     layout_loops_ring, nicolae_trove_entry_columns,
          muffindrake_ghost_dual_entry
D:14:     layout_cave_pools, grunt_vaults_entry_fortified,
          gammafunk_ghost_crypt, minivault_27, uniq_kirke, uniq_rupert
Temple:   compressed_dpeg_triangle_lava_temple
Lair:1:   layout_regular_city, grunt_forest_stairs_basic,
          minmay_shattered_shrine, uniq_urug
Lair:2:   layout_cave_pods, minmay_shoals_entry_centaurs,
          guppyfry_snake_entry_garden, ebering_ghost_xom, serial_bayou_shore_b,
          uniq_sonja
Lair:3:   layout_small_grid, grunt_megastairs_5, uniq_gastronok, uniq_amaemon
Lair:4:   layout_roguey, ebering_ghost_rock_garden,
          chequers_serial_rivers_room_b, infiniplex_staircase_pool_2
Lair:5:   guppyfry_lair_end_dragon, layout_cave_pods, hangedman_lair_in_review,
          slime_entry_1, ebering_ghost_rock_garden, pond
Shoals:1: layout_shoals, nicolae_shoals_flooded_hall, uniq_aizul, uniq_frances,
          uniq_mlioglotl, uniq_donald
Shoals:2: layout_shoals, gammafunk_ghost_necromancy, abandoned_shop,
          nicolae_shoals_pincushion_passage, uniq_ilsuiw
Orc:1:    layout_caves, basic_altar, serial_shops, shop, uniq_fannar
Orc:2:    st_orc_open, layout_diamond_mine, uniq_azrael, uniq_jorgrun

Skill      XL: |  1  2  3  4  5  6  7  8  9 10 11 12 13 14 15 16 17 |
---------------+----------------------------------------------------+-----
Fighting       | 2 3 4 6 7 8 9 10 11 12 13 | 13.3
Dodging        | 3 |  3.6
Shapeshifting  | 4 5 7 8 9 10 11 12 14 | 14.0
Unarmed Combat | 4 5 6 7 9 10 11 12 13 | 13.5
Invocations    | 4 5 6 7 9 10 11 12 13 14 | 14.0
Armour         | 4 6 8 9 10 11 12 13 14 | 14.0
Evocations     | 2 |  2.2

Action                     |  1- 3 |  4- 6 |  7- 9 | 10-12 | 13-15 | 16-18 || total
---------------------------+-------+-------+-------+-------+-------+-------++-------
  Melee: Unarmed           |    93 |   151 |   300 |   874 |  1350 |  1058 ||  3826
         Punch             |     1 |     2 |     3 |       |       |    47 ||    53
  Throw: Throwing net      |       |     1 |       |       |       |       ||     1
         Javelin           |       |       |       |       |       |     4 ||     4
         Dart              |       |       |       |       |       |     2 ||     2
 Invoke: Heroism           |       |       |     3 |    16 |    23 |    18 ||    60
         Finesse           |       |       |       |     6 |     7 |     4 ||    17
  Evoke: Wand              |     1 |    10 |    13 |    18 |     5 |     3 ||    50
    Use: Scroll            |     3 |     2 |     5 |     4 |    11 |    10 ||    35
         Potion            |       |       |     1 |     3 |     9 |     9 ||    22
   Stab: Sleeping          |     1 |       |       |       |       |       ||     1
         Distracted        |       |       |       |       |     1 |       ||     1
         Invisible         |       |       |       |       |       |     5 ||     5
         Paralysed         |       |       |       |       |       |     2 ||     2
 Armour: Animal skin       |    15 |       |       |       |       |       ||    15
         Leather armour    |    40 |    64 |   271 |    10 |       |       ||   385
         Chain mail        |       |       |       |   753 |   455 |       ||  1208
         Plate armour      |       |       |       |       |  1112 |  1169 ||  2281
  Dodge: Dodged            |    66 |    96 |   255 |   409 |   615 |   414 ||  1855
   Form: Flux              |       |       |     1 |       |       |       ||     1
                           |       |       |       |       |       |     1 ||     1
         Anaconda          |       |       |       |       |       |     1 ||     1

Table legend: (Time is in decaauts)
 A = Elapsed time spent in this place.
 B = Non-inter-level travel time spent in this place.
 C = Inter-level travel time spent in this place.
 D = Time resting spent in this place.
 E = Time spent auto-exploring this place.
 F = Levels seen in this place.
 G = Mean time per level.
                   A        B        C        D        E       F      G
               +--------+--------+--------+--------+--------+-----+--------+
         Total |  43009 |  38848 |   4161 |  16047 |  15509 |  25 | 1720.4 |
       Dungeon |  19172 |  16986 |   2186 |   4943 |   8573 |  14 | 1369.4 |
        Temple |     18 |      2 |     16 |      0 |      0 |   1 |   18.0 |
          Lair |  16288 |  14726 |   1562 |   7315 |   5258 |   5 | 3257.6 |
        Shoals |   3247 |   3204 |     43 |   1471 |   1043 |   2 | 1623.5 |
  Orcish Mines |   3301 |   2949 |    352 |   1780 |    634 |   2 | 1650.5 |
         Abyss |    980 |    980 |      0 |    536 |      0 |   1 |  980.0 |
               +--------+--------+--------+--------+--------+-----+--------+

Top non-repeatable levels by time:
  Lair:5: 5099 daAuts
  Lair:2: 3963 daAuts
Shoals:1: 2850 daAuts
    D:13: 2809 daAuts
  Lair:1: 2737 daAuts
  Lair:3: 2666 daAuts
     D:9: 2587 daAuts
     D:6: 2282 daAuts
   Orc:2: 2004 daAuts
     D:8: 1895 daAuts
  Lair:4: 1821 daAuts
    D:10: 1369 daAuts
   Orc:1: 1297 daAuts
    D:12: 1183 daAuts
     D:5: 1145 daAuts
